 Dungeon Crawl Stone Soup version 0.28-a0-589-g333b8329f1 (webtiles) character file.

Game seed: 9578477084429321795

256281 iamoutofideas the Executioner (level 20, -2/202 HPs)
             Began as a Hill Orc Gladiator on Oct 4, 2021.
             Was a Follower of Makhleb.
             Slain by an orc knight (37 damage)
             ... on level 2 of the Elven Halls.
             The game lasted 01:04:41 (45365 turns).

iamoutofideas the Executioner (Hill Orc Gladiator) Turns: 45365, Time: 01:04:41

Health: -2/202     AC: 50    Str: 47    XL:     20   Next: 23%
Magic:  6/6        EV: 11    Int: 12    God:    Makhleb [*.....]
Gold:   145        SH: 16    Dex: 16    Spells: 19/19 levels left

rFire   + . .      SeeInvis .   a - +5 war axe "Ogal" {antimagic, +Blink rCorr Dex+4}
rCold   + + .      Faith    .   V - +3 buckler {rF+}
rNeg    + . .      Spirit   .   X - +12 crystal plate armour "Ciusagoa" {Contam rPois Str+7 Slay+2}
rPois   +          Reflect  +   l - +2 helmet
rElec   .          Harm     +   T - +2 cloak of the Nexus {Harm rCorr}
rCorr   +          Rampage  .   G - +2 pair of gloves
Will    ++...                   k - +1 pair of boots of Korghah {rPois rF- Str+8 Int+2}
Stlth   ..........              B - amulet of Tecotz {Reflect rF+ rC++ SH+5}
HPRegen 0.43/turn               J - ring of willpower
MPRegen 0.10/turn               i - ring "Nyngik" {rN+ Str+6 Int+2}

@: no status effects
A: no striking features
}: 1/15 runes: gossamer
a: Renounce Religion, Evoke Blink


You were on level 2 of the Elven Halls.
You worshipped Makhleb.
Makhleb was aware of your devotion.
You visited 8 branches of the dungeon, and saw 33 of its levels.

You collected 12109 gold pieces.
You spent 7669 gold pieces at shops.
You paid 4295 gold pieces to Gozag.

Inventory:

Hand Weapons
 a - the +5 war axe "Ogal" (weapon) {antimagic, +Blink rCorr Dex+4}
   (You found it on level 2 of the Lair of Beasts)

   It reduces the magical energy of the wielder, and disrupts the spells and
   magical abilities of those it strikes.
   Natural abilities and divine invocations are not affected.
   Dex:       It affects your dexterity (+4).
   +Blink:    It lets you blink.
   rCorr:     It protects you from acid and corrosion.
 t - a +0 glaive
 v - a +2 scimitar of flaming
 x - a +7 vampiric hand axe
 M - a +2 broad axe of freezing
 N - the +4 war axe "Ydibuoro" {vorpal, rC+ Int+7 SInv}
   (You bought it in a shop on level 2 of the Orcish Mines)

   It inflicts extra damage upon your enemies.
   Int:       It affects your intelligence (+7).
   rC:        It protects you from cold.
   SInv:      It lets you see invisible.
Missiles
 R - 2 atropa-tipped darts (quivered)
Armour
 f - the +1 tower shield "Qullil" {rCorr Slay+5}
   (You found it on level 2 of the Lair of Beasts)

   Slay:      It affects your accuracy & damage with ranged weapons and melee
   (+5).
   rCorr:     It protects you from acid and corrosion.
 k - the +1 pair of boots of Korghah (worn) {rPois rF- Str+8 Int+2}
   (You acquired it on level 8 of the Dungeon)

   Str:       It affects your strength (+8).
   Int:       It affects your intelligence (+2).
   rF:        It makes you vulnerable to fire.
   rPois:     It protects you from poison.
 l - a +2 helmet (worn)
 G - a +2 pair of gloves (worn)
 P - a +0 robe
 T - the +2 cloak of the Nexus (worn) {Harm rCorr}
   (You found it on level 1 of the Lair of Beasts)

   rCorr:     It protects you from acid and corrosion.
   Harm:      It increases damage dealt and taken.
 V - a +3 buckler of fire resistance (worn)
 X - the +12 crystal plate armour "Ciusagoa" (worn) {Contam rPois Str+7 Slay+2}
   (You acquired it on level 1 of the Lair of Beasts)

   Str:       It affects your strength (+7).
   Slay:      It affects your accuracy & damage with ranged weapons and melee
   (+2).
   rPois:     It protects you from poison.
   Contam:    It causes magical contamination when unequipped.
Jewellery
 d - the ring "Maamy" {rC+++ Str+5 Int+4 SInv Stlth-}
   (You bought it in a shop on level 11 of the Dungeon)

   [ring of see invisible]

   Str:       It affects your strength (+5).
   Int:       It affects your intelligence (+4).
   rC:        It renders you almost immune to cold.
   SInv:      It lets you see invisible.
   Stlth:     It makes you less stealthy.
 i - the ring "Nyngik" (right hand) {rN+ Str+6 Int+2}
   (You found it on level 1 of the Lair of Beasts)

   [ring of strength]

   Str:       It affects your strength (+6).
   Int:       It affects your intelligence (+2).
   rN:        It protects you from negative energy.
 s - the ring "Plog" {*Corrode rElec Str+9 SInv}
   (You bought it in a shop on level 11 of the Dungeon)

   [ring of see invisible]

   Str:       It affects your strength (+9).
   rElec:     It insulates you from electricity.
   SInv:      It lets you see invisible.
   *Corrode:  It may corrode you when you take damage.
 B - the amulet of Tecotz (around neck) {Reflect rF+ rC++ SH+5}
   (You bought it in a shop on level 11 of the Dungeon)

   [amulet of reflection]

   It reflects blocked missile attacks.
   rF:        It protects you from fire.
   rC:        It greatly protects you from cold.
   SH:        It affects your SH (+5).
 F - an amulet of the acrobat
 J - a ring of willpower (left hand)
 Q - the amulet of Juhihe Bar {Faith rElec Will+++ Regen+ Str-2}
   (You bought it in a shop on level 2 of the Vaults)

   [amulet of faith]

   It allows you to gain divine favour quickly.
   Str:       It affects your strength (-2).
   rElec:     It insulates you from electricity.
   Regen:     It increases your rate of health regeneration.
   Will:      It greatly increases your willpower.
 U - a ring of positive energy
Wands
 h - a wand of polymorph (23)
 C - a wand of digging (17)
 S - a wand of iceblast (49)
 W - a wand of acid (18)
Scrolls
 b - 8 scrolls of teleportation
 c - 7 scrolls of magic mapping
 m - 8 scrolls of fog
 r - 4 scrolls of blinking
 u - a scroll of silence
 y - 2 scrolls of enchant weapon
 D - 12 scrolls of identify
 K - a scroll of holy word
 O - a scroll of amnesia
 Y - a scroll of fear
 Z - 3 scrolls of summoning
Potions
 e - 17 potions of curing
 g - 4 potions of attraction
 j - 4 potions of cancellation
 n - 2 potions of mutation
 o - 5 potions of lignification
 p - a potion of resistance
 q - 3 potions of ambrosia
 w - 4 potions of haste
 E - 2 potions of berserk rage
 H - 4 potions of flight
 L - 9 potions of might
Miscellaneous
 I - a phantom mirror


   Skills:
 + Level 22.7 Fighting
 + Level 24.1 Axes
 - Level 1.8 Throwing
 + Level 17.1 Armour
 + Level 5.9 Dodging
 + Level 16.1 Shields
 - Level 3.0 Evocations


You had 19 spell levels left.
You didn't know any spells.
Your spell library contained the following spells:

 Spells                   Type           Power      Damage    Failure   Level
 Freeze                   Ice            0%         1d3       87%         1
 Shock                    Conj/Air       0%         1d3       87%         1
 Summon Small Mammal      Summ           0%         N/A       87%         1
 Corpse Rot               Necr/Air       N/A        N/A       95%         2
 Sublimation of Blood     Necr           0%         N/A       95%         2
 Call Canine Familiar     Summ           0%         N/A       99%         3
 Frozen Ramparts          Ice            0%         1d2       99%         3
 Gell's Gravitas          Tloc           0%         N/A       99%         3
 Lesser Beckoning         Tloc           0%         N/A       99%         3
 Portal Projectile        Hex/Tloc       0%         N/A       99%         3
 Summon Guardian Golem    Hex/Summ       0%         N/A       99%         3
 Swiftness                Air            0%         N/A       99%         3
 Teleport Other           Tloc           0%         N/A       99%         3
 Airstrike                Air            0%         N/A       100%        4
 Dispel Undead            Necr           0%         3d6       100%        4
 Hailstorm                Conj/Ice       0%         3d3       100%        4
 Petrify                  Tmut/Erth      0%         N/A       100%        4
 Summon Ice Beast         Ice/Summ       0%         N/A       100%        4
 Summon Lightning Spire   Summ/Air       0%         N/A       100%        4
 Alistair's Intoxication  Tmut/Pois      0%         N/A       100%        5
 Blade Hands              Tmut           0%         N/A       100%        5
 Borgnjor's Vile Clutch   Necr/Erth      0%         N/A       100%        5
 Excruciating Wounds      Necr           0%         N/A       100%        5
 Irradiate                Conj/Tmut      0%         3d14      100%        5
 Iskenderun's Battlesphe  Conj           0%         2d6       100%        5
 Lightning Bolt           Conj/Air       0%         1d11      100%        5
 Summon Mana Viper        Hex/Summ       0%         N/A       100%        5
 Death Channel            Necr           0%         N/A       100%        6
 Eringya's Noxious Bog    Tmut/Pois      0%         N/A       100%        6
 Iron Shot                Conj/Erth      0%         9d1       100%        6
 Summon Cactus Giant      Summ           0%         N/A       100%        6
 Spellforged Servitor     Conj/Summ      0%         N/A       100%        7
 Storm Form               Tmut/Air       0%         N/A       100%        7
 Maxwell's Capacitive Co  Air            0%         ∞         100%        8


Dungeon Overview and Level Annotations

Branches:
Dungeon (15/15)            Temple (1/1) D:6            Lair (6/6) D:11
  Swamp (0/4) Lair:4       Spider (4/4) Lair:3        Slime (0/5) Lair:5
    Orc (2/2) D:10            Elf (2/3) Orc:2        Vaults (2/5) D:14
  Crypt (0/3) Vaults:2     Depths (1/4) D:15

Altars:
Ashenzari
Cheibriados
Dithmenos
Elyvilon
Fedhas
Gozag
Hepliaklqana
Kikubaaqudgha
Makhleb
Nemelex Xobeh
Okawaru
Qazlal
Ru
Sif Muna
Trog
Uskayaw
Vehumet
Wu Jian
Xom
Yredelemnul
Zin
The Shining One
Beogh
Jiyva

Shops:
D:6 !   D:10 (   D:11 *(==   Orc:2 [!(*   Elf:1 [(*   Elf:2 =[   Vaults:2 =*

Annotations:
D:5 exclusion: downstairs
D:7 2 transporters, exclusion: upstairs, vhaine's ghost, amateur DsGl
Elf:1 1 runed translucent door, Pinoaq's ghost, adept GrEE


Message History

You slash the orc knight!
The orc knight is moderately wounded.
The orc knight no longer looks unusually strong.
You block the orc knight's attack.
The orc knight roars a battlecry!
The orc knight goes into a battle-frenzy!
You slice the orc knight!!
The orc knight is almost dead.
You block the orc knight's attack.
You slash the orc knight!
The orc knight is almost dead.
You block the orc knight's attack.
You hit the orc knight.
You kill the orc knight!
Makhleb accepts your kill.
The orc knight no longer looks unusually strong.
The orc knight roars a battlecry!
The orc knight goes into a battle-frenzy!
You block the orc knight's attack.
Items here: )) [[ ††.
The orc knight no longer looks unusually strong.
The orc warrior no longer looks unusually strong.
You block the orc knight's attack. You block the orc warrior's attack.
You block the orc knight's attack.
Items here: )) [[ ††.
The orc knight roars a battlecry!
The orcs go into a battle-frenzy!
There is an open door here.
You block the orc warrior's attack. You block the orc knight's attack.
There is an open door here.
You hit the orc warrior but do no damage.
The orc warrior hits you but does no damage.
You carve the orc warrior like a ham!!!
You kill the orc warrior!
Makhleb accepts your kill. The orc knight misses you.
The orc knight hits you with a +0 halberd!!
* * * LOW HITPOINT WARNING * * *
The orc knight hits you from afar with a +0 bardiche!!
You die...

.....##### ##.##..>.#
....## ###'###..?#
...## ##..)....#'# ..##
#.......>#.# ...##
#........#.# )...#
##.......+.# ....#
##......#.# ....#
###'####.# ..#.# #@#
##'# #.#.# ####o# #..#
.∩..# #...o# #..# #.#.#
#.##.###..# #...# #
#...'..# ##### #.###..#
####+##.# ##.#
####.....#.####.#
o....##..'.....'..##..#


You could see 2 orc knights.

Vanquished Creatures
  Saint Roka (Vaults:2)
  Arachne (Spider:4)
  Rupert (Lair:4)
  2 deep elf blademasters
  Frances (D:13)
  4 sphinxes
  Kirke (Lair:4)
  The ghost of sleeves the Practitioner, an adept DDGl of Elyvilon (Spider:3)
  An orc warlord (Elf:2)
  5 ghost moths
  2 fire giants (D:13)
  6 vault wardens
  3 emperor scorpions
  A stone giant (Vaults:2)
  5 ironbound preservers
  A deep elf demonologist (Elf:1)
  A spark wasp (Spider:3)
  7 entropy weavers
  A minotaur (Lair:1)
  7 dire elephants
  2 ettins (D:13)
  3 fire dragons
  3 yaktaur captains
  3 ironbound thunderhulks
  The ghost of jasper the Carver, a journeyman DsEn of Cheibriados (Lair:1)
  A great orb of eyes (Vaults:2)
  An ice dragon (Lair:6)
  5 vault guards
  7 hydras
  Harold (Lair:1)
  4 ironbound frosthearts
  7 centaur warriors
  A death knight (D:14)
  An ogre mage (D:15)
  3 boulder beetles
  10 two-headed ogres
  5 dancing weapons
  A tengu warrior (D:15)
  The ghost of DatFaddy the Cleaver, a novice DsAK of Lugonu (Orc:2)
  3 death yaks (Lair:4)
  2 deep troll earth magi (D:13)
  5 orc high priests
  A spriggan (Lair:6)
  Nergalle (Lair:1)
  12 deep trolls
  A flayed ghost (D:13)
  3 glowing orange brains
  3 deep elf archers
  2 phantasmal warriors
  4 wizards
  5 ironbound convokers
  6 orc knights
  3 harpies (Vaults:1)
  9 lindwurms
  An orc sorcerer (Orc:2)
  10 deep elf pyromancers
  23 orb spiders
  10 deep elf zephyrmancers
  21 wolf spiders
  A faun (shapeshifter) (D:13)
  30 ugly things
  A manticore (D:11)
  8 cyclopes
  A moth of wrath (Spider:4)
  9 black mambas
  8 vault sentinels
  14 elephants
  9 torpor snails
  2 gargoyles
  14 cane toads
  16 yaktaurs
  A kobold demonologist (D:13)
  15 rime drakes
  2 efreet
  5 demonic crawlers
  15 komodo dragons
  4 tengu conjurers
  A yaktaur (shapeshifter) (D:13)
  A freezing wraith (D:15)
  3 tyrant leeches (Lair:6)
  A meliai (shapeshifter) (D:13)
  3 trolls
  12 polar bears
  29 jumping spiders
  11 slime creatures
  2 raiju (Lair:6)
  13 hornets
  15 blink frogs
  A raiju (shapeshifter) (D:13)
  7 dream sheep (Lair:6)
  An air elemental (Elf:1)
  A centaur simulacrum (D:14)
  Sigmund (D:4)
  A water elemental (Elf:1)
  42 tarantellas
  68 redbacks
  4 wyverns
  5 hogs
  2 shadows
  Eustachio (D:5)
  60 yaks
  2 basilisks (D:14)
  A fire elemental (Elf:1)
  A human (D:14)
  Grum (D:11)
  3 vampire mosquitoes (D:13)
  9 steam dragons
  A swamp worm (Lair:1)
  12 wargs
  13 hell hounds (Lair:6)
  3 acid dragons
  17 water moccasins
  27 orc warriors
  A sky beast (D:6)
  15 black bears
  8 ogres
  A boggart (Vaults:1)
  36 wolves
  18 centaurs
  2 phantoms
  2 kobold brigands
  11 bullfrogs
  2 earth elementals (Elf:1)
  3 scorpions
  A wyvern zombie (D:6)
  A water moccasin zombie (D:6)
  10 wights
  An electric eel (Spider:3)
  2 howler monkeys
  A bullfrog zombie (D:5)
  4 centaur zombies
  2 hounds
  24 orc priests
  2 bullfrog skeletons
  2 jellies
  A gnoll shaman (D:8)
  An iron imp (D:9)
  Jessica (D:3)
  5 iguanas
  19 orc wizards
  Natasha (thrice) (D:3)
  A killer bee zombie (D:7)
  Robin (D:3)
  7 gnolls
  2 adders
  2 white imps
  3 ufetubi
  2 dart slugs
  57 orcs
  9 ball pythons
  6 bats
  6 endoplasms
  2 giant cockroaches
  14 hobgoblins
  3 jackals (D:4)
  5 quokkas
  A ball python zombie (D:3)
  9 frilled lizards
  13 goblins
  A jackal zombie (D:3)
  13 kobolds
  4 rats
1107 creatures vanquished.

Vanquished Creatures (others)
  A rime drake (Lair:2)
  A tarantella (Spider:4)
  2 briar patches (Lair:1)
  30 fungi
  74 plants
  2 withered plants (Spider:3)
110 creatures vanquished.

Grand Total: 1217 creatures vanquished

Notes
Turn   | Place    | Note
-------+----------+-------------------------------------------
     0 | D:1      | iamoutofideas the Hill Orc Gladiator began the quest for
                  | the Orb.
     0 | D:1      | Reached XP level 1. HP: 18/18 MP: 1/1
    72 | D:1      | Reached XP level 2. HP: 23/25 MP: 2/2
   140 | D:1      | Reached skill level 5 in Axes
   211 | D:1      | Reached XP level 3. HP: 22/30 MP: 3/3
   701 | D:1      | Found a faded altar of an unknown god.
  1237 | D:2      | Reached XP level 4. HP: 37/37 MP: 4/4
  1445 | D:2      | Reached skill level 6 in Axes
  2050 | D:3      | Noticed Robin
  2067 | D:3      | Killed Robin
  2068 | D:3      | Reached XP level 5. HP: 36/45 MP: 5/5
  2072 | D:3      | Noticed Jessica
  2075 | D:3      | Killed Jessica
  2076 | D:3      | Reached skill level 7 in Axes
  2083 | D:3      | Noticed Natasha
  2097 | D:3      | Killed Natasha
  2436 | D:3      | Noticed Natasha
  2438 | D:3      | Found a blossoming altar of Fedhas.
  2449 | D:3      | Killed Natasha
  2610 | D:3      | Found a basalt altar of Yredelemnul.
  2819 | D:3      | Noticed Natasha
  2822 | D:3      | Killed Natasha
  2823 | D:3      | Reached skill level 8 in Axes
  2823 | D:3      | Reached XP level 6. HP: 51/51 MP: 6/6
  2864 | D:4      | Found a burning altar of Makhleb.
  2906 | D:4      | Noticed Sigmund
  2938 | D:4      | Killed Sigmund
  2939 | D:4      | Reached skill level 9 in Axes
  3459 | D:4      | Identified the +0 spear "Transmigrator" {vorpal, Str+6}
  3646 | D:4      | Reached XP level 7. HP: 56/58 MP: 7/7
  4238 | D:5      | Entered Level 5 of the Dungeon
  4418 | D:5      | Reached skill level 10 in Axes
  4441 | D:5      | Found a radiant altar of Vehumet.
  4636 | D:5      | Noticed Eustachio
  4875 | D:5      | Killed Eustachio
  4876 | D:5      | Reached skill level 11 in Axes
  4945 | D:5      | Reached XP level 8. HP: 67/67 MP: 8/8
  4957 | D:5      | Found an iron altar of Okawaru.
  5076 | D:5      | Found a shimmering altar of Xom.
  5100 | D:5      | Reached skill level 12 in Axes
  5253 | D:5      | Reached skill level 5 in Fighting
  5720 | D:6      | Found a staircase to the Ecumenical Temple.
  5776 | Temple   | Entered the Ecumenical Temple
  6113 | Temple   | Reached skill level 13 in Axes
  6332 | D:6      | Reached XP level 9. HP: 75/75 MP: 9/9
  6354 | D:6      | Noticed an eight-headed hydra
  6720 | D:6      | Found Yhaemme's Distillery.
  6725 | D:6      | Bought a potion of heal wounds for 75 gold pieces
  6725 | D:6      | Bought a potion of mutation for 120 gold pieces
  6725 | D:6      | Bought a potion of curing for 45 gold pieces
  6725 | D:6      | Bought a potion of heal wounds for 75 gold pieces
  7019 | D:7      | Found a transporter.
  7020 | D:7      | Noticed a cyclops
  7020 | D:7      | Noticed a komodo dragon
  7032 | D:7      | Found a transporter.
  7175 | D:7      | Reached skill level 14 in Axes
  7548 | D:7      | Noticed an eight-headed hydra
  8080 | D:7      | Noticed vhaine's ghost (amateur DsGl)
  8567 | D:8      | Reached skill level 15 in Axes
  8591 | D:8      | Reached XP level 10. HP: 61/90 MP: 10/10
  8599 | D:8      | Reached skill level 16 in Axes
  8778 | D:8      | Reached skill level 10 in Fighting
  8789 | D:8      | Identified a scroll of acquirement
  8789 | D:8      | Acquired the +1 pair of boots of Korghah {rPois rF- Str+8
                  | Int+2}
  9992 | D:9      | Found a snail-covered altar of Cheibriados.
 10092 | D:9      | Identified the +2 chain mail of Grace {Rampage *Corrode
                  | +Blink Str+3}
 10192 | D:9      | Found a sacrificial altar of Ru.
 10414 | D:10     | Entered Level 10 of the Dungeon
 10437 | D:10     | Found a glowing golden altar of the Shining One.
 10552 | D:10     | Noticed a two-headed ogre
 10561 | D:10     | Killed a two-headed ogre
 10730 | D:10     | Found a staircase to the Orcish Mines.
 10985 | D:10     | Found Xinijy's Antique Weapon Shop.
 11045 | D:10     | Found a shadowy altar of Dithmenos.
 11500 | D:11     | Noticed a two-headed ogre
 11506 | D:11     | Reached XP level 11. HP: 102/107 MP: 11/11
 11511 | D:11     | Killed a two-headed ogre
 11541 | D:11     | Noticed a two-headed ogre
 11737 | D:11     | Noticed a two-headed ogre
 12036 | D:11     | Noticed a manticore
 12047 | D:11     | Killed a manticore
 12048 | D:11     | Reached skill level 1 in Armour
 12152 | D:11     | Killed a two-headed ogre
 12293 | D:11     | Found a staircase to the Lair.
 12441 | D:11     | Killed a two-headed ogre
 12992 | D:11     | Noticed Grum
 13009 | D:11     | Killed Grum
 13879 | D:6      | Found a sparkling altar of Nemelex Xobeh.
 13879 | D:6      | Found an opulent altar of Gozag.
 13896 | D:6      | Became a worshipper of Gozag Ym Sagoz the Greedy
 14339 | D:12     | Noticed a cyclops
 14348 | D:12     | Killed a cyclops
 14356 | D:12     | Reached skill level 5 in Armour
 14787 | D:12     | Noticed a six-headed hydra
 14803 | D:12     | Killed a seven-headed hydra
 15400 | D:12     | Reached XP level 12. HP: 68/118 MP: 12/12
 15601 | D:12     | You fall into a shaft and drop 3 floors!
 15601 | D:15     | Entered Level 15 of the Dungeon
 15603 | D:15     | Acquired a +2 executioner's axe of draining
 15806 | D:15     | Reached skill level 15 in Fighting
 16166 | Lair:1   | Entered Level 1 of the Lair of Beasts
 16166 | Lair:1   | Found a transporter.
 16423 | Lair:1   | Found a transporter.
 16425 | Lair:1   | Noticed Harold
 16441 | Lair:1   | Killed Harold
 16491 | Lair:1   | Noticed a minotaur
 16493 | Lair:1   | Noticed jasper's ghost (journeyman DsEn)
 16600 | Lair:1   | Noticed Nergalle
 16616 | Lair:1   | Reached skill level 17 in Axes
 16623 | Lair:1   | Killed Nergalle
 16809 | Lair:1   | Found a runed translucent gate.
 16809 | Lair:1   | Found a runed translucent gate.
 16809 | Lair:1   | Found a runed translucent gate.
 16949 | Lair:1   | You fall into a shaft and drop 1 floor!
 16952 | Lair:2   | Noticed a five-headed hydra
 16976 | Lair:2   | Killed a five-headed hydra
 17559 | Lair:2   | Reached skill level 1 in Shields
 17646 | Lair:2   | Reached skill level 5 in Dodging
 17969 | Lair:1   | Reached XP level 13. HP: 86/129 MP: 13/13
 18559 | Lair:2   | Reached skill level 18 in Axes
 18711 | Lair:2   | Identified the +5 war axe "Ogal" {antimagic, +Blink rCorr
                  | Dex+4}
 19281 | Lair:2   | Identified the +1 tower shield "Qullil" {rCorr Slay+5}
 19888 | Lair:3   | Reached skill level 1 in Evocations
 19984 | Lair:3   | Found a hole to the Spider Nest.
 20268 | Lair:3   | Reached skill level 5 in Shields
 20676 | Lair:1   | Acquired the +12 crystal plate armour "Ciusagoa" {Contam
                  | rPois Str+7 Slay+2}
 21411 | Lair:1   | Killed a minotaur
 21426 | Lair:1   | Killed jasper's ghost
 21902 | Lair:4   | Reached XP level 14. HP: 110/140 MP: 4/14
 22110 | Lair:4   | Found a staircase to the Swamp.
 22127 | Lair:4   | Noticed Rupert
 22127 | Lair:4   | Paralysed by Rupert for 7 turns
 22150 | Lair:4   | Killed Rupert
 22353 | Lair:4   | Reached skill level 19 in Axes
 22764 | Lair:4   | Reached skill level 10 in Armour
 23040 | Lair:5   | Noticed Kirke
 23522 | Lair:4   | Killed Kirke
 23826 | Lair:5   | Found a staircase to the Slime Pits.
 23826 | Lair:5   | Found a viscous altar of Jiyva.
 24214 | Lair:6   | Entered Level 6 of the Lair of Beasts
 24640 | Lair:6   | Found a broken altar of Ashenzari.
 24829 | Lair:6   | Reached XP level 15. HP: 149/150 MP: 5/15
 25297 | Lair:6   | Reached skill level 20 in Axes
 25584 | Lair:6   | Found a runed translucent door.
 26724 | D:11     | Bought a +2 broad axe of freezing for 288 gold pieces
 26726 | D:11     | Bought the amulet of Tecotz {Reflect rF+ rC++ SH+5} for 799
                  | gold pieces
 26746 | D:11     | Bought a scroll of enchant weapon for 240 gold pieces
 26746 | D:11     | Bought a potion of curing for 96 gold pieces
 26902 | D:6      | Bought a potion of berserk rage for 75 gold pieces
 26902 | D:6      | Bought a potion of haste for 150 gold pieces
 26902 | D:6      | Bought a potion of might for 60 gold pieces
 26902 | D:6      | Bought a potion of might for 60 gold pieces
 27097 | D:13     | Found a huge runed gate.
 27098 | D:13     | Found a huge runed gate.
 27110 | D:13     | Found a huge runed gate.
 27110 | D:13     | Found a huge runed gate.
 27111 | D:13     | Found a huge runed gate.
 27113 | D:13     | Found a huge runed gate.
 27114 | D:13     | Found a huge runed gate.
 27114 | D:13     | Found a huge runed gate.
 27114 | D:13     | Found a huge runed gate.
 27121 | D:13     | Found a huge runed gate.
 27121 | D:13     | Found a huge runed gate.
 27121 | D:13     | Found a huge runed gate.
 27121 | D:13     | Found a huge runed gate.
 27121 | D:13     | Found a huge runed gate.
 27121 | D:13     | Found a huge runed gate.
 27122 | D:13     | Found a huge runed gate.
 27135 | D:13     | Found a huge runed gate.
 27139 | D:13     | Found a huge runed gate.
 27139 | D:13     | Found a huge runed gate.
 27139 | D:13     | Found a huge runed gate.
 27139 | D:13     | Found a huge runed gate.
 27139 | D:13     | Found a huge runed gate.
 27139 | D:13     | Found a huge runed gate.
 27140 | D:13     | Found a huge runed gate.
 27141 | D:13     | Found a huge runed gate.
 27154 | D:13     | Found a huge runed gate.
 27154 | D:13     | Found a huge runed gate.
 27154 | D:13     | Found a huge runed gate.
 27154 | D:13     | Found a huge runed gate.
 27154 | D:13     | Found a huge runed gate.
 27199 | D:13     | Noticed Frances
 27214 | D:13     | Killed Frances
 27873 | D:13     | Noticed a fire giant
 27873 | D:13     | Noticed a sphinx
 27876 | D:13     | Noticed a fire giant
 27881 | D:13     | Killed a sphinx
 27884 | D:13     | Killed a fire giant
 27887 | D:13     | Killed a fire giant
 27888 | D:13     | Reached skill level 10 in Shields
 28424 | D:14     | Reached XP level 16. HP: 160/160 MP: 5/16
 28554 | D:14     | Found a gate to the Vaults.
 29133 | D:14     | Reached skill level 21 in Axes
 29957 | D:15     | Found a staircase to the Depths.
 30621 | D:15     | Found an ornate altar of the Wu Jian Council.
 30913 | Orc:1    | Entered Level 1 of the Orcish Mines
 31258 | Orc:2    | Entered Level 2 of the Orcish Mines
 31329 | Orc:2    | Found a transporter.
 31329 | Orc:2    | Noticed DatFaddy's ghost (novice DsAK)
 31332 | Orc:2    | Found a transporter.
 31373 | Orc:2    | Found a staircase to the Elven Halls.
 32060 | Orc:2    | Found Ralass's Armour Shoppe.
 32060 | Orc:2    | Found Relexy's Weapon Emporium.
 32062 | Orc:2    | Found Olew's Assorted Antiques.
 32135 | Orc:2    | Found Uvodew's Distillery.
 32158 | Orc:2    | Bought a potion of experience for 750 gold pieces
 32164 | Orc:2    | Bought a shimmering war axe for 238 gold pieces
 32164 | Orc:2    | Identified the +4 war axe "Ydibuoro" {vorpal, rC+ Int+7
                  | SInv} (You bought it in a shop on level 2 of the Orcish
                  | Mines)
 32166 | Orc:2    | Bought 2 potions of curing for 90 gold pieces
 32166 | Orc:2    | Bought a potion of haste for 150 gold pieces
 32166 | Orc:2    | Bought a potion of heal wounds for 75 gold pieces
 32166 | Orc:2    | Bought a potion of curing for 45 gold pieces
 32166 | Orc:2    | Bought a potion of might for 60 gold pieces
 32166 | Orc:2    | Bought a potion of mutation for 120 gold pieces
 32166 | Orc:2    | Bought a potion of berserk rage for 75 gold pieces
 32166 | Orc:2    | Bought 2 potions of might for 120 gold pieces
 32444 | Orc:2    | Killed DatFaddy's ghost
 32487 | Orc:2    | Reached XP level 17. HP: 170/170 MP: 5/17
 32649 | Spider:1 | Entered Level 1 of the Spider Nest
 32747 | Spider:1 | Reached XP level 18. HP: 174/180 MP: 6/18
 33750 | Spider:2 | Reached skill level 22 in Axes
 35242 | Spider:3 | Found a runed translucent door.
 35243 | Spider:3 | Noticed sleeves's ghost (adept DDGl)
 35264 | Spider:3 | Reached skill level 15 in Armour
 35697 | Spider:3 | Killed sleeves's ghost
 35757 | Spider:4 | Entered Level 4 of the Spider Nest
 36710 | Spider:4 | Noticed Arachne
 36732 | Spider:4 | Killed Arachne
 37557 | Spider:4 | Reached XP level 19. HP: 172/190 MP: 6/19
 38000 | Spider:4 | Got a gossamer rune of Zot
 38326 | D:11     | Bought the ring "Maamy" {rC+++ Str+5 Int+4 SInv Stlth-} for
                  | 968 gold pieces
 38327 | D:11     | Bought the ring "Plog" {*Corrode rElec Str+9 SInv} for 549
                  | gold pieces
 38327 | D:11     | Bought a ring of willpower for 325 gold pieces
 38327 | D:11     | Bought a ring of magical power for 260 gold pieces
 38418 | Vaults:1 | Entered Level 1 of the Vaults
 39271 | Vaults:1 | Reached skill level 23 in Axes
 39461 | Vaults:1 | Reached skill level 15 in Shields
 40948 | Vaults:2 | Noticed Saint Roka
 41411 | Vaults:2 | Found Rest's Jewellery Shop.
 41417 | Vaults:2 | Bought the amulet of Juhihe Bar {Faith rElec Will+++ Regen+
                  | Str-2} for 793 gold pieces
 41421 | Vaults:2 | Found an ancient bone altar of Kikubaaqudgha.
 41423 | Vaults:2 | Found a staircase to the Crypt.
 41424 | Vaults:2 | Found a basalt altar of Yredelemnul.
 41518 | Vaults:2 | Killed Saint Roka
 41747 | Vaults:2 | Found Enuchurch's General Store.
 41757 | Vaults:2 | Bought a scroll of blinking for 127 gold pieces
 41757 | Vaults:2 | Bought a potion of resistance for 170 gold pieces
 41757 | Vaults:2 | Bought a scroll of immolation for 59 gold pieces
 42382 | Lair:1   | Identified the +2 cloak of the Nexus {Harm rCorr}
 42384 | Lair:1   | Identified the ring "Nyngik" {rN+ Str+6 Int+2}
 42573 | Depths:1 | Entered Level 1 of the Depths
 42724 | Orc:2    | Bought a glaive for 182 gold pieces
 42724 | Orc:2    | Bought a glowing hand axe for 168 gold pieces
 42724 | Orc:2    | Bought a potion of might for 112 gold pieces
 42724 | Orc:2    | Bought a square diamond amulet for 140 gold pieces
 42726 | Orc:2    | Bought a +0 robe for 10 gold pieces
 42958 | D:4      | Fell from the grace of Gozag
 42958 | D:4      | Became a worshipper of Makhleb the Destroyer
 43152 | Elf:1    | Entered Level 1 of the Elven Halls
 43161 | Elf:1    | Reached skill level 24 in Axes
 43232 | Elf:1    | Found a runed translucent door.
 43232 | Elf:1    | Found a shimmering altar of Xom.
 43232 | Elf:1    | Noticed Pinoaq's ghost (adept GrEE)
 43232 | Elf:1    | Identified the +7 demon trident "Nentegu" {chaos, Str+2}
 43252 | Elf:1    | Reached XP level 20. HP: 169/202 MP: 6/20
 43384 | Elf:1    | Got the Handbook of Slavery
 43483 | Elf:1    | Paralysed by an air elemental for 1 turns
 43534 | Elf:1    | Found Feseb's Assorted Antiques.
 43536 | Elf:1    | Found Lourofaq's Antique Weapon Shoppe.
 43538 | Elf:1    | Found Feeraxun's Antique Armour Emporium.
 43606 | Elf:1    | Reached * piety under Makhleb
 44913 | Elf:2    | Found Jusuvagg's Jewellery Boutique.
 45004 | Elf:2    | Found Wisosuts's Armour Boutique.
 45308 | Elf:2    | Found a roughly hewn altar of Beogh.
 45365 | Elf:2    | Slain by an orc knight

Illustrated notes

Levels and vault maps discovered:
D:1:      saegor_arrival_simple_d, layout_basic,
          dreamdust_ecumenical_altar_grove, minmay_lizard_king
D:2:      layout_loops_ring
D:3:      layout_basic, old_standard_altar, lemuel_zombie_altar_yredelemnul,
          uniq_natasha, uniq_robin, uniq_jessica
D:4:      layout_basic, mainiacjoe_overflow_24_doors,
          minmay_fractal_squares_diagonal_5, uniq_sigmund
D:5:      layout_rooms, mainiacjoe_overflow_alcove_2,
          nicolae_overflow_crystal_walls, kennysheep_okawaru_gauntlet,
          uniq_eustachio
D:6:      layout_cave_pools, grunt_temple_overflow_opulence,
          minmay_temple_entry_statues, serial_shops, kennysheep_little_box
D:7:      layout_layer_cave, nzn_ghost_randoct
D:8:      layout_basic, item_on_display_a
D:9:      layout_cave_pools, nicolae_ru_sacrificial_ziggurat, slow_altar_1
D:10:     layout_irregular_city, tso_oasis_becter, kennysheep_mini, david_orc_3,
          serial_column_ruins, column_ruins_hut, column_ruins_square_large,
          column_ruins_open_small, column_ruins_open_small_water,
          column_ruins_columns_straight, column_ruins_open_tiny,
          column_ruins_grid_1, serial_shops, nicolae_shop_window_shopping
D:11:     layout_irregular_city, grunt_lair_entry_orc_guard_hut,
          serial_bayou_lagoon_a, amcnicky_mini_corridor_feature, uniq_grum
D:12:     layout_irregular_city
D:13:     layout_rooms, door_vault, uniq_frances
D:14:     layout_roguey, grunt_vaults_entry_fortified
D:15:     grunt_enter_depths_hoard, layout_irregular_city,
          nzn_wu_jian_council_hall, chequers_serial_rivers_micro_e, minmay_puff
Temple:   eino_temple_lava
Lair:1:   gammafunk_worm_tunnel, layout_long_grid,
          maelrawn_ghost_gauntlet_escape, hangedman_lair_unloving_vines,
          uniq_nergalle, uniq_harold
Lair:2:   layout_hall_layers, bobbens_dragon_lair_wall, serial_bayou_shore_b
Lair:3:   layout_chaotic_city, spider_nest_entry_webs, grunt_megastairs_1
Lair:4:   layout_cave_pods, swamp_mist, uniq_rupert
Lair:5:   layout_regular_city, slime_altar_1, uniq_kirke
Lair:6:   hangedman_lair_caniforms_friends, layout_regular_city, wormcave,
          basic_altar, minivault_26, serial_bayou_pond_e, minivault_19,
          grunt_forest_large_clearings
Spider:1: layout_spider_delve, guppyfry_spider_mini_3
Spider:2: layout_spider_delve
Spider:3: layout_spider_delve, gammafunk_ghost_grave
Spider:4: johnstein_spider_rune_arachne_lair, nicolae_spider_stair_cavern
Orc:1:    layout_caves
Orc:2:    st_orc_mages, layout_caves, gammafunk_ghost_arena
Elf:1:    nicolae_elf_arrival_fired_up, layout_gridlike, ebering_ghost_xom,
          minmay_elf_demonology, nicolae_elf_martial_mastery, minmay_shop_star
Elf:2:    nicolae_elf_blades_crystal_corner, layout_gridlike, special_room
          [special_room_orc], serial_shops, nicolae_shop_behind_doors,
          nicolae_shop_crystal, nicolae_square_shop, shop, shop
Vaults:1: nicolae_vaults_three_branches, ontoclasm_vaults_ring_square,
          nicolae_vaults_network_quinsquares
          [nicolae_vaults_network_quincunx_subvault,
          nicolae_vaults_network_quincunx_subvault,
          nicolae_vaults_network_quincunx_subvault,
          nicolae_vaults_network_quincunx_subvault], hangedman_vaults_slither,
          nicolae_vaults_shelves_hall, v_misc_27, nicolae_vaults_theta,
          nicolae_vaults_alarming, v_misc_14, hangedman_vaults_corner_blocks,
          ontoclasm_vaults_gateway, layout_vaults_omnicross
Vaults:2: minmay_crypt_entry_necro_gods, grunt_vaults_bifocal,
          ontoclasm_vaults_ring_small, v_alt_pattern_6, hangedman_vaults_hat,
          hangedman_vaults_river_flow, v_misc_18, ontoclasm_vaults_eye,
          layout_vaults_big_room, serial_shops, shop,
          nicolae_shop_window_shopping, uniq_saint_roka
Depths:1: layout_cave_pools, gammafunk_ghost_cemetery, dk_noncrumbling_4,
          rand_demon_pan_entry_5, hell_entry, hangedman_glass_teeth,
          serial_sigils_hangedman_scar, kennysheep_diamond, minivault_1,
          nrook_campfire, zin_angel

Skill      XL: |  1  2  3  4  5  6  7  8  9 10 11 12 13 14 15 16 17 18 19 20 |
---------------+-------------------------------------------------------------+-----
Axes           | 5 6 8 9 11 13 15 16 17 18 19 20 21 22 24 | 24.1
Fighting       | 3 4 6 8 13 14 16 17 18 19 20 21 22 | 22.7
Armour         | 6 7 9 11 12 13 14 15 16 17 | 17.1
Dodging        | 3 5 |  5.9
Shields        | 1 6 8 10 13 14 15 16 | 16.1
Evocations     | 3 |  3.0
Throwing       | |  1.8

Action                   |  1- 3 |  4- 6 |  7- 9 | 10-12 | 13-15 | 16-18 | 19-21 || total
-------------------------+-------+-------+-------+-------+-------+-------+-------++-------
Melee: War axe           |   102 |   166 |   278 |   459 |   853 |  1059 |   550 ||  3467
       Spear             |       |       |     7 |    74 |    48 |     8 |       ||   137
       Executioner's axe |       |       |       |     7 |       |       |       ||     7
       Unarmed           |       |       |       |       |     9 |       |       ||     9
Throw: Dart              |       |       |       |       |     2 |     1 |       ||     3
       Throwing net      |       |       |       |       |     2 |     1 |       ||     3
Invok: Potion Petition   |       |       |       |     1 |       |       |       ||     1
       Call Merchant     |       |       |       |       |     3 |     1 |       ||     4
 Abil: Evoke Blink       |       |       |       |       |     1 |       |       ||     1
Evoke: Phantom mirror    |       |       |       |       |     1 |       |       ||     1
       Wand              |       |       |       |       |       |       |     3 ||     3
  Use: Scroll            |       |     3 |     2 |    20 |     9 |     2 |     7 ||    43
       Potion            |       |     1 |     1 |     2 |     2 |     1 |     3 ||    10
 Stab: Sleeping          |       |     2 |       |       |       |       |       ||     2
       Distracted        |       |       |       |       |     3 |    14 |     8 ||    25
Armor: Leather armour    |    23 |    63 |    90 |       |       |       |       ||   176
       Ring mail         |       |       |    15 |   174 |       |       |       ||   189
       Acid dragon scale |       |       |       |    86 |    29 |       |       ||   115
       Plate armour      |       |       |       |       |    54 |       |       ||    54
       Crystal plate arm |       |       |       |       |   387 |   544 |   246 ||  1177
Dodge: Dodged            |    84 |    93 |   186 |   265 |   261 |   223 |   134 ||  1246
Block: Other             |       |       |       |    86 |    18 |       |       ||   104
       Reflection        |       |       |       |     3 |     4 |    31 |    24 ||    62
       Buckler           |       |       |       |       |   393 |   627 |   327 ||  1347

Table legend: (Time is in decaauts)
 A = Elapsed time spent in this place.
 B = Non-inter-level travel time spent in this place.
 C = Inter-level travel time spent in this place.
 D = Time resting spent in this place.
 E = Time spent auto-exploring this place.
 F = Levels seen in this place.
 G = Mean time per level.
                   A        B        C        D        E       F      G
               +--------+--------+--------+--------+--------+-----+--------+
         Total |  44562 |  40309 |   4253 |   8781 |  24555 |  33 | 1350.4 |
       Dungeon |  21253 |  18450 |   2803 |   4568 |  10868 |  15 | 1416.9 |
        Temple |    441 |    438 |      3 |    345 |     69 |   1 |  441.0 |
          Lair |  10109 |   9270 |    839 |   1968 |   5757 |   6 | 1684.8 |
   Spider Nest |   5437 |   5130 |    307 |    715 |   3370 |   4 | 1359.2 |
  Orcish Mines |   2244 |   2051 |    193 |    782 |    798 |   2 | 1122.0 |
   Elven Halls |   1612 |   1598 |     14 |    104 |   1229 |   2 |  806.0 |
        Vaults |   3462 |   3371 |     91 |    298 |   2464 |   2 | 1731.0 |
        Depths |      1 |      1 |      0 |      0 |      0 |   1 |    1.0 |
               +--------+--------+--------+--------+--------+-----+--------+

Top non-repeatable levels by time:
    D:11: 2427 daAuts
Spider:3: 2269 daAuts
  Lair:1: 2155 daAuts
  Lair:6: 2007 daAuts
  Lair:2: 1962 daAuts
Vaults:2: 1889 daAuts
     D:7: 1721 daAuts
     D:8: 1715 daAuts
    D:15: 1624 daAuts
    D:12: 1590 daAuts
  Lair:4: 1584 daAuts
Vaults:1: 1572 daAuts
     D:5: 1534 daAuts
    D:14: 1523 daAuts
Spider:4: 1523 daAuts
